 Dungeon Crawl Stone Soup version bcrawl-1.13-2-g5ca86534bc (webtiles) character file.

Game seed: 15952579845563861996

54445 Chiseanne the Fighter (level 14, -8/120 HPs)
             Began as a Merfolk Archaeologist on July 30, 2019.
             Was an Initiate of Gozag.
             Mangled by a harpy (16 damage)
             ... summoned by Kirke
             ... on level 4 of the Lair of Beasts.
             The game lasted 00:54:30 (19650 turns).

Chiseanne the Fighter (Merfolk Archaeologist)      Turns: 19650, Time: 00:54:30

Health: -8/120     AC:  0    Str: 14    XL:     14   Next: 72%
Magic:  15/15      EV: 16    Int: 13    God:    Gozag
Gold:   580        SH:  3    Dex: 15    Spells: 13/13 levels left

rFire    . . .     SeeInvis .   (weapon currently unavailable)
rCold    . . .     Gourm    .   (shield currently unavailable)
rNeg     . . .     Faith    .   (armour currently unavailable)
rPois    .         Spirit   .   (helmet currently unavailable)
rElec    .         Reflect  +   (cloak currently unavailable)
rCorr    .         Harm     .   (gloves currently unavailable)
MR       +....                  (boots currently unavailable)
Stlth    ++........             t - +3 amulet of reflection
HPRegen  0.30/turn              (ring currently unavailable)
MPRegen  0.14/turn              (ring currently unavailable)

@: pig-form, very quick
A: small, (change form in water), (swift swim), (stealthy swim)
a: Potion Petition, Call Merchant, Bribe Branch, Renounce Religion


You were on level 4 of the Lair of Beasts.
You worshipped Gozag.
Gozag was pleased with you.
You were not hungry.
You were a filthy swine.
You visited 3 branches of the dungeon, and saw 17 of its levels.
You also visited: Ossuary.

You collected 5479 gold pieces.
You spent 2625 gold pieces at shops.
You paid 2274 gold pieces to Gozag.

Inventory:

Hand Weapons
 a - the +10 broad axe of the Fox (melded) {elec, Dex+4}
   (You found it on level 10 of the Dungeon)

   Occasionally, upon striking a foe, it will discharge some electrical energy
   and cause terrible harm.
   It affects your dexterity (+4).
 p - a +0 hunting sling
 s - a +7 dagger of venom
 u - a +0 blowgun
 v - the +4 short sword of Checks and Balances {pierce, Str+4}
   (You bought it in a shop on level 2 of the Lair of Beasts)

   It inflicts extra damage upon your enemies.
   It affects your strength (+4).
 A - a +0 flail
Missiles
 y - 27 curare-tipped needles
 E - 2 throwing nets (quivered) {!f}
 F - 48 poisoned tomahawks
 J - 262 tomahawks
 V - 81 javelins
Armour
 c - a +2 hat of intelligence (melded)
 f - the +7 Kryia's mail coat (melded) {PotionHeal*2 rC+ RMsl}

   It protects you from cold.
   It protects you from missiles.
 i - a +0 cloak (melded)
 j - a +0 large shield (melded)
 n - a +2 pair of boots of stealth (melded)
 X - a +1 pair of gloves (melded)
Jewellery
 h - an uncursed amulet of regeneration
 t - a +3 amulet of reflection (around neck)
 x - an uncursed ring of protection from cold {unknown}
 O - the ring of Jeazerru (melded) {rF+ rC- Slay+2 SInv}
   (You found it on level 11 of the Dungeon)

   [ring of see invisible]

   It affects your accuracy and damage with ranged weapons and melee attacks
   (+2).
   It protects you from fire.
   It makes you vulnerable to cold.
   It lets you see invisible.
 Q - a +3 ring of strength (melded)
 S - an uncursed amulet of guardian spirit
 T - an uncursed ring of wizardry
Wands
 H - a wand of flame (27)
 L - a wand of disintegration (14)
Scrolls
 e - 2 scrolls of blinking
 k - 4 scrolls of teleportation
 C - 7 scrolls of remove curse
 M - 5 scrolls of magic mapping
 N - 2 scrolls of immolation
 P - 2 scrolls of fog
 U - 3 scrolls of amnesia
Potions
 b - a potion of berserk rage
 d - 2 potions of heal wounds
 l - 6 potions of cancellation
 m - 2 potions of mutation
 o - 2 potions of ambrosia
 r - 4 potions of magic
 w - 5 potions of curing
 z - 4 potions of flight
 B - 5 potions of brilliance
 D - a potion of agility
 I - 3 potions of invisibility
 K - 4 potions of resistance
 W - a potion of might
Miscellaneous
 q - a box of beasts
Comestibles
 g - 18 rations {!d}


   Skills:
 - Level 14.0 Fighting
 * Level 9.4 Axes
 - Level 0.7(5.9) Maces & Flails
 * Level 4.7 Throwing
 - Level 11.3 Armour
 - Level 4.0 Dodging
 - Level 3.6 Stealth
 * Level 11.5 Shields
 - Level 2.2 Evocations


You had 13 spell levels left.
You didn't know any spells.
Your spell library contained the following spells:

 Spells                   Type           Power        Failure   Level  Hunger
 Magic Dart               Conj           #...         30%         1    ##.....
 Slow                     Hex            #.......     30%         1    ##.....
 Blink                    Tloc           N/A          43%         2    ###....
 Call Imp                 Summ           #.......     43%         2    ###....
 Poisonous Vapours        Pois/Air       #.....       43%         2    ###....
 Confuse                  Hex            #.......     67%         3    ####...
 Conjure Flame            Conj/Fire      #.......     67%         3    ####...
 Dazzling Spray           Conj/Hex       #.....       67%         3    ####...
 Mephitic Cloud           Conj/Pois/Air  #.......     67%         3    ####...
 Petrify                  Tmut/Erth      #.......     97%         4    #####..
 Yara's Violent Unravell  Hex/Tmut       #.........   97%         4    #####..
 Metabolic Englaciation   Hex/Ice        #.........   100%        5    ######.
 Freezing Cloud           Conj/Ice/Air   #.........   100%        6    #######
 Mana Rupture             Conj/Hex       #.........   100%        7    #######
 Ring of Flames           Chrm/Fire      #.........   100%        7    #######


Dungeon Overview and Level Annotations

Branches:
Dungeon (12/12)            Temple (1/1) D:6            Lair (4/6) D:8
 Shoals (0/3) Lair:3       Spider (0/3) Lair:4          Orc (0/1) D:11
 Vaults (0/3) D:11         Depths (0/5) D:12

Altars:
Cheibriados
Dithmenos
Fedhas
Gozag
Hepliaklqana
Lugonu
Makhleb
Nemelex Xobeh
Okawaru
Qazlal
Sif Muna
Trog
Uskayaw
Vehumet
Wu Jian
Xom
Zin
The Shining One
Beogh

Shops:
D:8 =*   D:10 *   D:11 }[*   D:12 (=   Lair:2 (

Annotations:
D:8 1 runed translucent door, Camlann's ghost, novice DsAc
D:9 1 runed translucent door, feta's ghost, journeyman SDFi
D:12 exclusion: Roxanne, Roxanne
Lair:4 Kirke


Message History

Something summons some harpies!
The harpy screeches!
Found 19 gold pieces.
The harpy claws you. x2
The harpy claws you!
* * * LOW HITPOINT WARNING * * *
The harpy misses you. The harpy claws you!
* * * LOW HITPOINT WARNING * * *
The harpy misses you. The harpy claws you.
* * * LOW HITPOINT WARNING * * *
The harpy claws you!
* * * LOW HITPOINT WARNING * * *
The harpy screeches!
The harpy barely misses you. You block the harpy's attack.
The harpy screeches!
You block the harpy's attack. The harpy barely misses you. The harpy claws you!
You die...
Your body crumbles into a pile of gold.

.. .. #. ......#.................
................$......
..#..#...##...........
##.....................
#..#..................>
###.P................... ..
...............H........ ..
.............h.Hh............. ##
####.........................###.
# ##..###.###................##..
# #P..##.................≈≈≈.....
# #P.....................≈≈≈≈....
.......#...............≈≈≈≈≈≈≈≈..
.P....##..###...........≈≈≈≈≈≈≈.P
.##..###...###..#.........≈≈≈≈≈..
. #... ..P#P..........<.≈≈≈≈≈..


You could see 2 harpies and a hog.

Vanquished Creatures
  Gastronok (D:8)
  Snorg (D:11)
  2 fire dragons (D:12)
  A vault guard (D:11)
  2 hydras
  Erolcha (D:11)
  2 centaur warriors
  A death knight (D:12)
  2 tengu warriors
  3 two-headed ogres
  A queen ant (D:11)
  Urug (D:12)
  A deep elf knight (D:11)
  5 skeletal warriors (D:12)
  A wizard (D:11)
  An unseen horror (D:12)
  A harpy (shapeshifter) (D:8)
  Pikel (D:6)
  A phantasmal warrior (D:12)
  2 necromancers (D:11)
  2 ugly things
  A centaur zombie (D:10)
  3 elephants (Lair:3)
  3 manticores
  A black mamba (Lair:2)
  A gargoyle (D:10)
  4 cane toads
  A freezing wraith (D:12)
  A rime drake (Lair:3)
  4 komodo dragons
  A troll (D:7)
  A merfolk (D:11)
  A meliai (D:12)
  A hornet (D:12)
  11 blink frogs
  5 slime creatures
  A snapping turtle (Lair:3)
  4 hippogriffs
  A spriggan (D:11)
  2 wraiths
  Eustachio (D:5)
  30 yaks
  5 basilisks
  4 wyverns
  6 hogs (Lair:4)
  2 hungry ghosts
  21 humans (D:11)
  Menkaure (D:6)
  3 vampire mosquitoes
  26 water moccasins
  Duvessa (D:6)
  6 porcupines
  2 ice beasts
  5 phantoms
  5 sky beasts
  A slave (D:6)
  2 black bears
  6 orc warriors
  An eye of draining (D:10)
  A necrophage (D:7)
  4 ogres
  2 centaurs (D:8)
  8 crocodiles
  8 bullfrogs
  2 gnoll sergeants
  A water moccasin zombie (D:6)
  5 scorpions
  Dowan (D:6)
  7 killer bees (D:10)
  5 wights (D:11)
  2 electric eels
  2 howler monkeys (D:11)
  A bullfrog zombie (D:6)
  3 crimson imps
  5 jellies
  7 orc priests
  5 centaur skeletons
  A gnoll shaman (D:4)
  4 hounds
  5 orc wizards
  Crazy Yiuf (D:3)
  Jessica (D:3)
  5 iguanas
  8 worker ants
  2 hound skeletons
  8 mummies (Ossuary)
  3 worker ant zombies
  27 adders
  10 gnolls
  A howler monkey skeleton (D:8)
  2 shadow imps
  An ooze (D:1)
  An adder skeleton (D:3)
  3 worms
  6 dart slugs
  4 leopard geckos
  65 orcs
  2 bats (D:2)
  6 giant cockroaches
  4 gnoll zombies (Ossuary)
  2 goblins (D:1)
  8 hobgoblins
  8 jackals
  2 quokkas
  4 frilled lizards
  2 hobgoblin zombies (Ossuary)
  A jackal skeleton (D:5)
  6 kobolds
  2 kobold zombies (Ossuary)
  5 rats
  2 fungi
  2 plants
491 creatures vanquished.

Vanquished Creatures (collateral kills)
  A two-headed ogre (D:12)
  2 meliai (D:12)
  4 yaks (D:9)
  An iguana (D:12)
8 creatures vanquished.

Vanquished Creatures (others)
  A cyclops (D:12)
  Sigmund (D:6)
  A yak (D:9)
  A swamp drake (D:8)
  An orc (D:11)
  A quokka (D:6)
  2 withered plants (D:9)
8 creatures vanquished.

Grand Total: 507 creatures vanquished

Notes
Turn   | Place    | Note
-------+----------+-------------------------------------------
     0 | D:1      | Chiseanne the Merfolk Archaeologist began the quest for the
                  | Orb.
     0 | D:1      | Reached XP level 1. HP: 15/15 MP: 1/1
   403 | D:1      | Reached skill level 2 in Fighting
   403 | D:1      | Reached XP level 2. HP: 22/22 MP: 2/2
   603 | D:1      | Reached skill level 3 in Fighting
   749 | D:1      | Reached XP level 3. HP: 29/29 MP: 3/3
   972 | D:2      | Reached skill level 1 in Armour
  1134 | D:2      | Found a glowing golden altar of the Shining One.
  1236 | D:2      | Found a shimmering altar of Xom.
  1461 | D:2      | Reached XP level 4. HP: 35/35 MP: 4/4
  2040 | D:3      | Reached XP level 5. HP: 39/41 MP: 5/5
  2160 | D:3      | Found a stormy altar of Qazlal.
  2190 | D:3      | Found a bloodstained altar of Trog.
  2192 | D:3      | Found an iron altar of Okawaru.
  2407 | D:3      | Found a hazy altar of Hepliaklqana.
  2765 | D:3      | Noticed Jessica
  2773 | D:3      | Killed Jessica
  2773 | D:3      | Reached skill level 5 in Armour
  2846 | D:3      | Found a runed door.
  2850 | D:3      | Noticed Crazy Yiuf
  2855 | D:3      | Killed Crazy Yiuf
  2855 | D:3      | Reached XP level 6. HP: 27/47 MP: 6/6
  3073 | D:4      | Found Zin's Purification Station.
  3081 | D:4      | Found a glowing silver altar of Zin.
  3165 | D:4      | Noticed an orc warrior
  3204 | D:4      | Killed an orc warrior
  3204 | D:4      | Reached skill level 4 in Fighting
  3204 | D:4      | Reached XP level 7. HP: 31/55 MP: 7/7
  3618 | D:4      | Found a blossoming altar of Fedhas.
  3686 | D:4      | Reached skill level 5 in Fighting
  3918 | D:5      | Entered Level 5 of the Dungeon
  3941 | D:5      | Found a shadowy altar of Dithmenos.
  4073 | D:5      | Noticed Eustachio
  4104 | D:5      | Killed Eustachio
  4104 | D:5      | Reached skill level 6 in Fighting
  4104 | D:5      | Reached XP level 8. HP: 55/64 MP: 8/8
  4154 | D:5      | Found a sand-covered staircase.
  4158 | Ossuary  | Entered an ossuary
  4546 | D:5      | Reached skill level 7 in Fighting
  4782 | D:5      | Found Geaje's Distillery.
  4922 | D:5      | Found a burning altar of Makhleb.
  4922 | D:5      | Found a corrupted altar of Lugonu.
  5227 | D:6      | Found a hide-covered altar of Uskayaw.
  5335 | D:6      | Reached XP level 9. HP: 63/74 MP: 9/9
  5341 | D:6      | Found a staircase to the Ecumenical Temple.
  5350 | Temple   | Entered the Ecumenical Temple
  5405 | Temple   | Became a worshipper of Gozag Ym Sagoz the Greedy
  5451 | D:6      | Reached skill level 8 in Fighting
  5497 | D:6      | Noticed Dowan
  5519 | D:6      | Noticed Duvessa
  5554 | D:6      | Killed Dowan
  5556 | D:6      | Killed Duvessa
  5902 | D:6      | Reached skill level 9 in Fighting
  5957 | D:6      | Noticed Menkaure
  5966 | D:6      | Killed Menkaure
  6061 | D:6      | Found an ornate altar of the Wu Jian Council.
  6250 | D:6      | Noticed Pikel
  6280 | D:6      | Killed Pikel
  6280 | D:6      | Reached skill level 10 in Fighting
  6280 | D:6      | Reached XP level 10. HP: 82/85 MP: 10/10
  6323 | D:6      | Killed Sigmund
  6477 | D:5      | Bought a potion of cancellation for 112 gold pieces
  6477 | D:5      | Bought a potion of berserk rage for 70 gold pieces
  6477 | D:5      | Bought a potion of resistance for 140 gold pieces
  6477 | D:5      | Bought a potion of flight for 42 gold pieces
  6477 | D:5      | Bought a potion of brilliance for 56 gold pieces
  6477 | D:5      | Bought a potion of agility for 56 gold pieces
  6477 | D:5      | Bought a potion of magic for 112 gold pieces
  6477 | D:5      | Bought a potion of curing for 42 gold pieces
  7239 | D:7      | Noticed a two-headed ogre
  7254 | D:7      | Killed a two-headed ogre
  7254 | D:7      | Reached skill level 1 in Shields
  7862 | D:4      | Bought 2 potions of curing for 180 gold pieces
  7961 | D:8      | Found a radiant altar of Vehumet.
  7961 | D:8      | Noticed a two-headed ogre
  7971 | D:8      | Killed a two-headed ogre
  7971 | D:8      | Reached skill level 11 in Fighting
  7974 | D:8      | Found a runed translucent door.
  7974 | D:8      | Noticed Camlann's ghost (novice DsAc)
  8139 | D:8      | Found Imnoov's General Store.
  8139 | D:8      | Noticed Gastronok
  8198 | D:8      | Killed Gastronok
  8198 | D:8      | Reached skill level 12 in Fighting
  8198 | D:8      | Reached skill level 10 in Armour
  8198 | D:8      | Reached XP level 11. HP: 69/96 MP: 11/11
  8245 | D:8      | Bought a scroll of identify for 28 gold pieces
  8245 | D:8      | Bought a scroll of identify for 28 gold pieces
  8250 | D:8      | Bought a ration for 70 gold pieces
  8250 | D:8      | Bought a scroll of teleportation for 42 gold pieces
  8663 | D:8      | Found a staircase to the Lair.
  8771 | D:8      | Found Fugit's Jewellery Emporium.
  8779 | D:8      | Bought a +2 ring of protection for 120 gold pieces
  8779 | D:8      | Bought a cursed -3 ring of evasion for 24 gold pieces
  8891 | D:8      | Noticed a two-headed ogre
  8894 | D:8      | Noticed a centaur warrior
  8906 | D:8      | Noticed a manticore
  8911 | D:8      | Killed a two-headed ogre
  8925 | D:8      | Killed a centaur warrior
  8925 | D:8      | Reached skill level 13 in Fighting
  8948 | D:8      | Noticed a harpy
  8948 | D:8      | a queen bee changed into a harpy
  8957 | D:8      | Killed a harpy
  8970 | D:8      | Killed a manticore
  9289 | D:5      | Bought a potion of cancellation for 112 gold pieces
  9408 | D:8      | Bought a scroll of magic mapping for 49 gold pieces
  9695 | D:9      | Reached XP level 12. HP: 93/105 MP: 12/12
  9829 | D:9      | Found a runed translucent door.
  9830 | D:9      | Noticed feta's ghost (journeyman SDFi)
 10211 | D:8      | Bought a sack of spiders for 280 gold pieces
 10211 | D:8      | Bought a scroll of magic mapping for 49 gold pieces
 10256 | D:9      | Found a deep blue altar of Sif Muna.
 10573 | D:10     | Entered Level 10 of the Dungeon
 10646 | D:9      | Reached skill level 1 in Evocations
 10650 | D:9      | HP: 1/106 [slime creature (10)]
 11419 | D:10     | Reached skill level 14 in Fighting
 11543 | D:10     | Got an encrusted broad axe
 11544 | D:10     | Identified the +10 broad axe of the Fox {elec, Dex+4} (You
                  | found it on level 10 of the Dungeon)
 11562 | D:10     | Noticed a six-headed hydra
 11601 | D:10     | Killed a six-headed hydra
 11863 | D:10     | Found Wuketoz's Assorted Antiques.
 11873 | D:10     | Reached skill level 1 in Axes
 11912 | D:10     | Bought a scroll labeled RIT QOUBYENGUBO for 24 gold pieces
 12115 | D:10     | Found a burning altar of Makhleb.
 12547 | D:11     | Noticed Erolcha
 12552 | D:11     | Paralysed by Erolcha for 4 turns
 12559 | D:11     | Killed Erolcha
 12574 | D:11     | Found Guskec's Assorted Antiques.
 12905 | D:11     | Bought a scroll of identify for 58 gold pieces
 12905 | D:11     | Bought 2 potions of curing for 174 gold pieces
 12905 | D:11     | Bought a scroll of fog for 58 gold pieces
 12921 | D:11     | Reached skill level 5 in Shields
 13126 | D:11     | Identified a scroll of acquirement
 13147 | D:11     | Bought a pair of embroidered boots for 187 gold pieces
 13194 | D:11     | Noticed a deep elf knight
 13201 | D:11     | Killed a deep elf knight
 13209 | D:11     | Got an ancient tin ring
 13210 | D:11     | Identified the ring of Jeazerru {rF+ rC- Slay+2 SInv} (You
                  | found it on level 11 of the Dungeon)
 13216 | D:11     | Found a hazy altar of Hepliaklqana.
 13216 | D:11     | Noticed Snorg
 13223 | D:11     | Killed Snorg
 13223 | D:11     | Reached XP level 13. HP: 91/113 MP: 14/14
 13264 | D:11     | Reached skill level 5 in Axes
 13529 | D:11     | Found a roughly hewn altar of Beogh.
 13529 | D:11     | Found a staircase to the Orcish Mines.
 13927 | D:11     | Found Ginoirgh's Gadget Shop.
 14181 | D:11     | Noticed a vault guard
 14182 | D:11     | Found a gate to the Vaults.
 14182 | D:11     | Noticed a vault guard
 14212 | D:11     | a vault guard changed into a queen ant
 14227 | D:11     | Killed a vault guard
 14497 | D:12     | Entered Level 12 of the Dungeon
 14548 | D:12     | Found Laec Xal's Jewellery Shop.
 14551 | D:12     | Noticed Urug
 14564 | D:12     | Killed Urug
 15244 | D:12     | Identified Roxanne's Guide on Moulding
 15244 | D:12     | Noticed Roxanne
 15643 | D:12     | Reached skill level 10 in Shields
 15881 | D:12     | Reached XP level 14. HP: 120/120 MP: 15/15
 16411 | D:12     | Found a staircase to the Depths.
 16662 | Lair:1   | Entered Level 1 of the Lair of Beasts
 16775 | Lair:1   | Reached skill level 1 in Throwing
 17733 | Lair:2   | Found a stormy altar of Qazlal.
 17796 | Lair:2   | Bought a faintly glowing falchion for 256 gold pieces
 17796 | Lair:2   | Identified the cursed +1 falchion of Valuable Assets
                  | {slice, +Inv rElec rC+++ Str-4} (You bought it in a shop on
                  | level 2 of the Lair of Beasts)
 17802 | Lair:2   | Bought a crude short sword for 256 gold pieces
 17802 | Lair:2   | Identified the +4 short sword of Checks and Balances
                  | {pierce, Str+4} (You bought it in a shop on level 2 of the
                  | Lair of Beasts)
 18690 | Lair:3   | Found a staircase to the Shoals.
 19471 | Lair:4   | Found a hole to the Spider Nest.
 19475 | Lair:4   | Noticed Kirke
 19650 | Lair:4   | Mangled by a harpy

Skill      XL: |  1  2  3  4  5  6  7  8  9 10 11 12 13 14 |
---------------+-------------------------------------------+-----
Fighting       | 2 3 4 6 7 10 12 13 14 | 14.0
Armour         | 2 3 5 6 7 8 10 11 | 11.3
Shields        | 2 6 10 11 | 11.5
Evocations     | 2 |  2.2
Axes           | 4 8 9 |  9.4
Throwing       | 4 |  4.7
Maces & Flails | |  0.7
Dodging        | |  4.0
Stealth        | |  3.6

Action                   |  1- 3 |  4- 6 |  7- 9 | 10-12 | 13-15 || total
-------------------------+-------+-------+-------+-------+-------++-------
Melee: Whip              |    83 |       |       |       |       ||    83
       Dagger            |    52 |   165 |   150 |   404 |       ||   771
       Quarterstaff      |       |       |   209 |   111 |       ||   320
       Broad axe         |       |       |       |   101 |   492 ||   593
       Flail             |       |       |       |       |    15 ||    15
       Unarmed           |       |       |       |       |     6 ||     6
       Tailslap          |       |       |       |       |     4 ||     4
 Fire: Blowgun           |       |       |       |       |     3 ||     3
Invok: Call Merchant     |       |       |       |     1 |     2 ||     3
Evoke: Wand              |       |       |     2 |    19 |     5 ||    26
       Sack of spiders   |       |       |       |     3 |       ||     3
  Use: Scroll            |     1 |    12 |     4 |    17 |     6 ||    40
       Potion            |       |       |     2 |    12 |     5 ||    19
 Stab: Sleeping          |     4 |     2 |       |     2 |    13 ||    21
       Paralysed         |       |       |     5 |     3 |       ||     8
       Petrifying        |       |       |     1 |     2 |       ||     3
       Confused          |       |       |     1 |       |       ||     1
       Distracted        |       |       |       |     4 |     5 ||     9
       Petrified         |       |       |       |     2 |       ||     2
       Invisible         |       |       |       |       |     1 ||     1
  Eat: Chunk             |     2 |     5 |     8 |       |       ||    15
       Ration            |       |       |     2 |     8 |     6 ||    16
Armor: Robe              |     8 |       |       |       |       ||     8
       Ring mail         |    39 |    38 |       |       |       ||    77
       Scale mail        |       |    25 |   215 |   409 |   214 ||   863
Dodge: Dodged            |    77 |    71 |   200 |   330 |   187 ||   865
       Deflected         |       |       |     3 |     7 |     3 ||    13
Block: Other             |     2 |    17 |    47 |    62 |     2 ||   130
       Reflection        |     1 |     1 |       |       |     7 ||     9
       Shield            |       |       |       |   149 |   410 ||   559
       Large shield      |       |       |       |       |    81 ||    81
